 Dungeon Crawl Stone Soup version 0.26.1-11-gd32895ea62 (webtiles) character file.

Game seed: 8558158088687633233

250 tkbsonic5 the Firebug (level 6, -4/36 HPs)
             Began as a Tengu Fire Elementalist on Apr 14, 2021.
             Killed by miscasting Sticky Flame (10 damage)
             ... on level 3 of the Dungeon on June 30, 2021.
             The game lasted 00:36:11 (4254 turns).

tkbsonic5 the Firebug (Tengu Fire Elementalist)     Turns: 4254, Time: 00:36:13

Health: -4/36      AC:  2    Str:  5 (6)  XL:     6   Next: 13%
Magic:  3/11       EV: 13    Int: 16 (18) God:
Gold:   153        SH:  0    Dex: 13 (14) Spells: 3/11 levels left

rFire    . . .     SeeInvis .   c - +2 mace
rCold    . . .     Faith    .   (no shield)
rNeg     . . .     Spirit   .   a - +0 robe
rPois    .         Reflect  .   (helmet restricted)
rElec    .         Harm     .   (no cloak)
rCorr    .         Rampage  .   (no gloves)
Will     +....                  (boots unavailable)
Stlth    ++........             (no amulet)
HPRegen  0.12/turn              (no ring)
MPRegen  0.12/turn              (no ring)

@: very slightly contaminated
A: beak, talons 3, strong-willed 1, sense surroundings 1, weak 1, able to fly
a: Fly


You were on level 3 of the Dungeon.
You visited 1 branch of the dungeon, and saw 3 of its levels.

You collected 153 gold pieces.

Inventory:

Hand Weapons
 c - a +2 mace (weapon)
Missiles
 e - 3 javelins
 f - 25 sling bullets
 g - 15 poisoned darts (quivered)
 j - 65 arrows
Armour
 a - a +0 robe (worn)
Scrolls
 d - a scroll of remove curse
 l - a scroll of magic mapping
Potions
 i - a potion of curing
 k - a potion of attraction


   Skills:
 + Level 2.4 Fighting
 + Level 0.6 Throwing
 - Level 2.8 Dodging
 - Level 2.3 Stealth
 + Level 3.1 Spellcasting
 * Level 3.6 Conjurations
 * Level 4.4 Fire Magic


You had 3 spell levels left.
You knew the following spells:

 Your Spells              Type           Power        Failure   Level
a - Foxfire               Conj/Fire      60%          3%          1
b - Conjure Flame         Conj/Fire      15%          11%         3
c - Sticky Flame          Conj/Fire      15%          34%         4

Your spell library contained the following spells:

 Spells                   Type           Power        Failure   Level
 Inner Flame              Hex/Fire       9%           22%         3
 Fireball                 Conj/Fire      7%           69%         5


Dungeon Overview and Level Annotations

Branches:
Dungeon (3/15)

Altars:
Gozag
Hepliaklqana

Shops:
D:3 *


Innate Abilities, Weirdness & Mutations

You have a beak for a mouth.
You have claws for feet.
You can fly continuously.
You are strong-willed. (Will+)
You passively map a small area around you.
You are weak. (Str -2)


Message History

You don't know that spell.
Casting: Foxfire (safe; 4% risk of failure)
Confirm with . or Enter, or press ? or * to list all spells.
The spell is extremely dangerous to cast (38% risk of failure)!
Continue anyway?
Aiming: Sticky Flame (extremely dangerous; 38% risk of failure)
Press: ? - help, Shift-Dir - straight line, f/p - orc wizard
Aim: an orc wizard, wielding a +0 dagger and wearing a +0 robe (severely wounded, 0% to evade)
The sticky flame hits the orc wizard.
You kill the orc wizard!
You feel your intelligence returning.
Casting: Sticky Flame (extremely dangerous; 34% risk of failure)
Confirm with . or Enter, or press ? or * to list all spells.
The spell is extremely dangerous to cast (34% risk of failure)!
Continue anyway?
Aiming: Sticky Flame (extremely dangerous; 34% risk of failure)
Press: ? - help, Shift-Dir - straight line, f - orc priest
Aim: an orc priest (0% to evade)
You miscast Sticky Flame.
You are very lightly contaminated with residual magic.
A wave of violent energy washes through your body!
You die...

.........#######.#.#........
##.#####.# #.#.#.#.#.#..
...#####.#### #.#.#.#.#....
..........)(# #.#.#.#.#...#
#.......รท##.# #.#.#.#.#.#.#
, #........##.# #.#.#.#......
#........##.# #.#.#.#.....# *
#........##o# #.#[#........
#........##@## #.#.#########
*#........##..###.#.........#
...................#######.#
.........###.###.#.# #.# ....
* #..##.#.#######.# , ...,,,
##.##.#.........# * .. ,
#..#.########### ,, . , ,,
##.#.#.......... ,
#..)..#########


You could see an orc priest.

Vanquished Creatures
  2 orc wizards (D:3)
  A worker ant (D:3)
  Robin (D:2)
  7 adders
  An ooze (D:1)
  2 worms (D:2)
  4 dart slugs
  2 leopard geckos (D:1)
  3 orcs (D:3)
  3 giant cockroaches
  14 goblins
  9 hobgoblins
  2 jackals (D:3)
  3 ball pythons
  5 bats (D:1)
  7 frilled lizards
  5 kobolds
  8 rats
79 creatures vanquished.

Vanquished Creatures (others)
  A goblin (D:2)
  162 foxfires
163 creatures vanquished.

Grand Total: 242 creatures vanquished

Notes
Turn   | Place    | Note
-------+----------+-------------------------------------------
     0 | D:1      | tkbsonic5 the Tengu Fire Elementalist began the quest for
                  | the Orb.
     0 | D:1      | Reached XP level 1. HP: 10/10 MP: 4/4
   392 | D:1      | Reached XP level 2. HP: 10/16 MP: 3/6
   579 | D:1      | Reached skill level 1 in Fighting
  1041 | D:1      | Reached XP level 3. HP: 20/20 MP: 4/7
  1113 | D:1      | Learned a level 3 spell: Conjure Flame
  1483 | D:1      | Gained mutation: You are weak. (Str -2) [potion of
                  | mutation]
  1483 | D:1      | Gained mutation: You passively map a small area around you.
                  | [potion of mutation]
  1483 | D:1      | Gained mutation: You are strong-willed. (Will+) [potion of
                  | mutation]
  2046 | D:1      | Reached XP level 4. HP: 25/25 MP: 3/8
  2095 | D:1      | Learned a level 4 spell: Sticky Flame
  2314 | D:2      | Noticed Robin
  2795 | D:2      | Gained mutation: You can fly continuously. [Tengu growth]
  2795 | D:2      | Reached XP level 5. HP: 30/30 MP: 7/10
  2803 | D:2      | Killed Robin
  2920 | D:2      | Reached skill level 4 in Fire Magic
  3063 | D:3      | Found an opulent altar of Gozag.
  3066 | D:3      | Found Gozag's Platinum Reserve.
  3766 | D:3      | Found a hazy altar of Hepliaklqana.
  4203 | D:3      | Reached XP level 6. HP: 35/35 MP: 8/11
  4254 | D:3      | Killed by miscasting Sticky Flame

Illustrated notes

Levels and vault maps discovered:
D:1:      wander_arrival_chamber, layout_loops_ring, minmay_pentomino_u2
D:2:      layout_rooms, uniq_robin
D:3:      layout_basic, general_overflow_altar, lemuel_crystal_altar,
          nicolae_gozag_zags_fifth_avenue

Skill      XL: |  1  2  3  4  5 |
---------------+----------------+-----
Fighting       | 1 2 |  2.4
Conjurations   | 2 3 |  3.6
Fire Magic     | 4 |  4.4
Spellcasting   | 3 |  3.1
Throwing       | |  0.6
Dodging        | |  2.8
Stealth        | |  2.3

Action                   |  1- 3 |  4- 6 || total
-------------------------+-------+-------++-------
Melee: Mace              |    33 |    16 ||    49
       Peck              |     2 |     1 ||     3
       Unarmed           |     1 |       ||     1
       Kick              |     1 |       ||     1
Throw: Dart              |     2 |    10 ||    12
       Javelin           |       |    19 ||    19
 Cast: Foxfire           |    61 |    84 ||   145
       Conjure Flame     |       |     9 ||     9
       Sticky Flame      |       |     1 ||     1
  Use: Potion            |     2 |     4 ||     6
       Scroll            |       |    10 ||    10
 Stab: Sleeping          |     1 |       ||     1
Armor: Robe              |    16 |     4 ||    20
Dodge: Dodged            |    65 |    38 ||   103
